 Dungeon Crawl Stone Soup version 0.21-a0-538-gd16b88a (webtiles) character file.

58 polly the Skirmisher (level 3, 0/30 HPs)
             Began as a Demonspawn Berserker on Dec 16, 2017.
             Was a Believer of Trog.
             Killed from afar by an orc wizard (7 damage)
             ... with a puff of frost
             ... on level 2 of the Dungeon.
             The game lasted 00:01:51 (655 turns).

polly the Skirmisher (Demonspawn Berserker)          Turns: 655, Time: 00:01:52

Health: 0/30       AC:  4    Str: 22 (23) XL:     3   Next: 75%
Magic:  3/3        EV: 12    Int:  5 (8)  God:    Trog [**....]
Gold:   60         SH:  0    Dex: 10 (12) Spells: 2/2 levels left

rFire    . . .     SeeInvis .   a - +0 hand axe
rCold    . . .     Gourm    .   (no shield)
rNeg     . . .     Faith    .   b - +0 animal skin
rPois    .         Spirit   .   (no helmet)
rElec    .         Reflect  .   (no cloak)
rCorr    .         Harm     .   (no gloves)
MR       .....                  (no boots)
Stlth    +.........             (no amulet)
HPRegen  0.10/turn              (no ring)
MPRegen  0.08/turn              (no ring)

@: mighty
A: slimy green scales 1, spiny 1
a: Berserk, Trog's Hand, Burn Spellbooks, Renounce Religion


You were on level 2 of the Dungeon.
You worshipped Trog.
Trog was pleased with you.
You were not hungry.

You visited 1 branch of the dungeon, and saw 2 of its levels.

You collected 60 gold pieces.

Inventory:

Hand Weapons
 a - a +0 hand axe (weapon)
Armour
 b - a +0 animal skin (worn)
Jewellery
 h - an uncursed ring of protection from fire {unknown}
Scrolls
 d - 2 scrolls of enchant armour {unknown}
 e - a scroll of random uselessness {unknown}
 g - a scroll of identify {unknown}
 i - a scroll of fear {unknown}
 l - a scroll of remove curse {unknown}
Comestibles
 c - a bread ration


   Skills:
 + Level 3.7 Fighting
 + Level 3.5 Axes
 + Level 2.0 Armour
 + Level 2.1 Dodging


You had 2 spell levels left.
You didn't know any spells.

Dungeon Overview and Level Annotations

Branches:
Dungeon (2/15)

Altars:


Innate Abilities, Weirdness & Mutations

You are partially covered in slimy green scales. (AC +2)
You are partially covered in sharp spines.


Message History

You hit the orc.
The orc wizard hits you but does no damage.
The orc closely misses you. The orc wizard closely misses you.
The orc wizard is struck by your spines.
The orc wizard hits you but does no damage.
You closely miss the orc wizard.
The orc wizard is severely wounded.
You hit the orc but do no damage. You completely miss the orc wizard.
The orc closely misses you. The orc wizard closely misses you. x2
You slash the orc wizard!
You kill the orc wizard!
Trog accepts your kill.
Trog appreciates your killing of a magic user.
You can now call upon Trog for regeneration and protection from hostile enchantments.
You feel your strength returning.
Your Armour skill increases to level 2!
You barely miss the orc. You hit the orc wizard.
The orc wizard casts a spell at you. The puff of frost hits you!
You die...

#......(###...#
#....#### .#
##....#######.### #
###.....(.........
#######...##..#.........
)..............#.....>..
#.......######(..!......
.....#.## #(#)o..$...
####...# #(o@)......
.......# ###........
###.#### ###..##.# ....#
..# ###.# .# ### .. ..
...


You could see an orc wizard and an orc.

Vanquished Creatures
  An orc wizard (D:2)
  An adder (D:2)
  2 orcs (D:2)
  3 bats
  2 goblins (D:2)
  A hobgoblin (D:2)
  2 jackals (D:1)
  4 kobolds
  3 frilled lizards
19 creatures vanquished.

Notes
Turn   | Place    | Note
-------+----------+-------------------------------------------
     0 | D:1      | polly the Demonspawn Berserker began the quest for the Orb.
     0 | D:1      | Reached XP level 1. HP: 18/18 MP: 1/1
   216 | D:1      | Gained mutation: You are partially covered in sharp spines. [demonic ancestry]
   216 | D:1      | Reached XP level 2. HP: 21/24 MP: 2/2
   243 | D:1      | You fall through a shaft!
   653 | D:2      | Gained mutation: You are partially covered in slimy green scales. (AC +2) [demonic ancestry]
   653 | D:2      | Reached XP level 3. HP: 6/29 MP: 3/3
   655 | D:2      | Reached ** piety under Trog
   655 | D:2      | Killed from afar by an orc wizard

Vault maps used:
D:1:      lordsloth_arrival_two_stooges
D:2:      hangedman_abyss_or_decor_lesser_grid, uniq_sigmund

Skill      XL: |  1  2  3 |
---------------+----------+-----
Axes           | 3 |  3.5
Dodging        | 2 |  2.1
Armour         | 2 |  2.0
Fighting       | |  3.7

Action                   || total
-------------------------++-------
Melee: Hand axe          ||    46
  Use: Potion            ||     3
Armor: Animal skin       ||    19
Dodge: Dodged            ||    46

Table legend:
 A = Spawn XP
 B = Non-spawn XP
 C = Spawn XP percentage of total XP
 D = Spawn monster count
 E = Non-spawn monster count
 F = Spawn count percentage of total count
 G = Total turns spent on level
                    A         B        C        D         E        F      G
               +---------+---------+-------+---------+---------+-------+---------
         Total |       0 |      83 |   0.0 |       0 |      19 |   0.0 |   655
               +---------+---------+-------+---------+---------+-------+---------
           D:1 |       0 |      13 |   0.0 |       0 |       8 |   0.0 |   243
           D:2 |       0 |      70 |   0.0 |       0 |      11 |   0.0 |   412
               +---------+---------+-------+---------+---------+-------+---------
